 Dungeon Crawl Stone Soup version 0.29.0-4-gdea44cf6ec (webtiles) character file.

Game seed: 13705533259183852348

21 qw the Chopper (level 2, -2/26 HPs)
             Began as a Minotaur Fighter on Sept 4, 2022.
             Slain by a goblin
             ... wielding a +0 dagger
             ... led by Robin
              (3 damage)
             ... on level 2 of the Dungeon.
             The game lasted 00:00:17 (1002 turns).

qw the Chopper (Minotaur Fighter)                   Turns: 1002, Time: 00:00:17

Health: -2/26      AC:  6    Str: 20    XL:     2   Next: 65%
Magic:  1/1        EV:  9    Int:  5    God:
Gold:   19         SH:  4    Dex:  9    Spells: 1/1 levels left

rFire   . . .      SeeInvis .   Y - +0 war axe (venom)
rCold   . . .      Faith    .   c - +0 buckler
rNeg    . . .      Spirit   .   b - +0 scale mail
rPois   .          Reflect  .   (helmet restricted)
rElec   .          Harm     .   (no cloak)
rCorr   .          Rampage  .   (no gloves)
Will    .....                   (no boots)
Stlth   ..........              (no amulet)
HPRegen 0.08/turn               (no ring)
MPRegen 0.07/turn               (no ring)

@: no status effects
A: horns 2, retaliatory headbutt
a: no special abilities


You were on level 2 of the Dungeon.
You visited 1 branch of the dungeon, and saw 2 of its levels.

You collected 19 gold pieces.


Innate Abilities, Weirdness & Mutations

You have a pair of horns on your head.
You reflexively headbutt those who attack you in melee.


   Skills:
 - Level 3.6 Fighting
 + Level 4.0 Axes
 - Level 3.6 Armour
 - Level 3.6 Shields


You had one spell level left.
You didn't know any spells.
Your spell library was empty.

Inventory:

Hand Weapons
 j - a +0 whip
 Y - a +0 war axe of venom (weapon)
Missiles
 a - 3 javelins (quivered)
Armour
 b - a +0 scale mail (worn)
 c - a +0 buckler (worn)
Potions
 d - a potion of might
 h - a potion of haste {unknown}
 i - a potion of heal wounds {unknown}

Dungeon Overview and Level Annotations

Branches:
Dungeon (2/15)

Altars:

Annotations:
D:2 Robin


Message History

You barely miss the goblin.
The goblin is severely wounded.
You closely miss the goblin.
The goblin no longer looks unusually strong.
The goblin hits you with a +0 club. The goblin hits you but does no damage.
You closely miss the goblin. Your headbutt misses the goblin.
The goblin is severely wounded.
You closely miss the goblin.
The hobgoblin no longer looks unusually strong.
Robin roars a battlecry!
The goblins go into a battle-frenzy!
The goblin closely misses you.
The goblin hits you but does no damage. x2
The goblin hits you with a +0 dagger.
You miss the goblin.
The goblin is severely wounded.
You barely miss the goblin. The goblin hits you with a +0 club.
The goblin hits you with a +0 dagger.
You closely miss the goblin.
The goblin is severely wounded.
You slash the goblin!
You kill the goblin!
The goblin hits you with a +0 dagger.
Robin says, "We wiped out the hill dwarves - you're next!"
Your Axes skill increases to level 4!
You miss the goblin. You headbutt the goblin.
You kill the goblin!
You hit the goblin. The goblin hits you with a +0 dagger.
The goblin barely misses you. You furiously retaliate!
You headbutt the goblin. You barely miss the goblin.
The goblin is severely wounded.
The goblin hits you but does no damage.
You barely miss the goblin.
The goblin is severely wounded.
You block the goblin's attack. x2
You barely miss the goblin.
The goblin is severely wounded.
The hobgoblin no longer looks unusually strong.
The goblin hits you with a +0 dagger.
You die...

##########
#........#########
#.######..<.......
#.# ###########
#.# #)# #@# #g#


gg# #Sg# #.w# #..# #..# .... You could see Robin, a dart slug, 2 hobgoblins, a
goblin (strong) and a ball python.

Vanquished Creatures
  A dart slug (D:1)
  2 endoplasms (D:1)
  5 goblins (D:2)
  4 hobgoblins
  4 ball pythons
  A kobold (D:1)
17 creatures vanquished.

Notes
Turn   | Place    | Note
-------+----------+-------------------------------------------
     0 | D:1      | qw the Minotaur Fighter began the quest for the Orb.
     0 | D:1      | Reached XP level 1. HP: 19/19 MP: 0/0
     0 | D:1      | 0 ||| qw: Version: 0.1-a-103-gd6f5d3a
     0 | D:1      | 0 ||| qw: Game counter: 5460
     0 | D:1      | 0 ||| qw: Always use a shield: true
     0 | D:1      | 0 ||| qw: God list: Ru
     0 | D:1      | 0 ||| qw: Allow faded altars: false
     0 | D:1      | 0 ||| qw: Do Orc after D:15 true
     0 | D:1      | 0 ||| qw: Do second Lair branch before Depths: true
     0 | D:1      | 0 ||| qw: Lair rune preference: random
     0 | D:1      | 0 ||| qw: Plans: Normal
     0 | D:1      | 0 ||| PLANNING D:1-11
   172 | D:1      | 172 ||| DROPPING +0 club.
   188 | D:1      | Reached skill level 3 in Axes
   455 | D:1      | 455 ||| Stepping ~*~*~tactically~*~*~ (stealth).
   456 | D:1      | 456 ||| Stepping ~*~*~tactically~*~*~ (stealth).
   463 | D:1      | 463 ||| Stepping ~*~*~tactically~*~*~ (hiding).
   470 | D:1      | Reached XP level 2. HP: 25/26 MP: 1/1
   798 | D:1      | 798 ||| READING scroll labelled ESHILI OSMOST.
   799 | D:1      | 799 ||| READING scroll labelled FYRIDGH OPEUV.
   800 | D:1      | 800 ||| READING scroll labelled OLUEXU LYMUTIFF.
   941 | D:1      | 941 ||| READING scroll labelled XIAFOBBA VAXT.
   982 | D:2      | Noticed Robin
   998 | D:2      | HP: 6/26 [goblin/+0 dagger[Robin] (1)]
   999 | D:2      | Reached skill level 4 in Axes
   999 | D:2      | HP: 1/26 [goblin/+0 dagger[Robin] (5)]
  1002 | D:2      | Slain by a goblin

Levels and vault maps discovered:
D:1:      amcnicky_arrival_underground_garden, layout_basic, minmay_unequal
D:2:      layout_loops_cross, shapermc_ecumenical_altar_starsandcircs,
          uniq_robin

Skill      XL: |  1  2 |
---------------+-------+-----
Axes           | 3 4 |  4.0
Fighting       | |  3.6
Armour         | |  3.6
Shields        | |  3.6

Action                   || total
-------------------------++-------
Melee: War axe           ||    38
       Headbutt          ||     2
Throw: Javelin           ||     1
  Use: Scroll            ||     4
Armor: Scale mail        ||    23
Dodge: Dodged            ||    13
Block: Buckler           ||     5

Table legend:
 A = Non-vault XP
 B = Vault XP
 C = Vault XP percentage of total XP
 D = Non-vault monster count
 E = Vault monster count
 F = Vault count percentage of total count
                 A         B        C        D         E       F
            +---------+---------+-------+---------+---------+-------
      Total |      13 |      18 |  58.1 |       7 |      10 |  58.8
            +---------+---------+-------+---------+---------+-------
        D:1 |      12 |       3 |  20.0 |       6 |       2 |  25.0
        D:2 |       1 |      15 |  93.8 |       1 |       8 |  88.9
            +---------+---------+-------+---------+---------+-------
